 Dungeon Crawl Stone Soup version 0.28-a0-769-g550dbda0cd (webtiles) character file.

Game seed: 7142821179552347048

72 Demosthentine the Firebug (level 4, 0/34 HPs)
             Began as a Draconian Fire Elementalist on Nov 1, 2021.
             Shot with an arrow by a centaur (11 damage)
             ... on level 3 of the Dungeon.
             The game lasted 00:03:52 (2784 turns).

Demosthentine the Firebug (DrFE)                    Turns: 2784, Time: 00:03:53

Health: 0/34       AC:  5    Str: 11    XL:     4   Next: 7%
Magic:  7/7        EV: 12    Int: 16    God:
Gold:   46         SH:  0    Dex: 11    Spells: 2/8 levels left

rFire   . . .      SeeInvis .   e - staff of conjuration
rCold   . . .      Faith    .   (no shield)
rNeg    . . .      Spirit   .   (armour unavailable)
rPois   .          Reflect  .   (helmet restricted)
rElec   .          Harm     .   (no cloak)
rCorr   .          Rampage  .   (no gloves)
Will    .....                   (no boots)
Stlth   ++........              (no amulet)
HPRegen 0.11/turn               (no ring)
MPRegen 0.10/turn               (no ring)

@: no status effects
A: AC +5, unfitting armour, cold-blooded
a: no special abilities


You were on level 3 of the Dungeon.
You visited 1 branch of the dungeon, and saw 3 of its levels.

You collected 46 gold pieces.

Inventory:

Magical Staves
 e - a staff of conjuration (weapon)
Jewellery
 j - a +4 ring of evasion
Scrolls
 g - a scroll of enchant weapon {unknown}
 h - a scroll of teleportation
Potions
 a - a potion of attraction {unknown}
 b - a potion of curing {unknown}
 c - a potion of mutation {unknown}
 d - a potion of haste {unknown}
 f - 3 potions of cancellation {unknown}
 i - a potion of ambrosia {unknown}


   Skills:
 + Level 0.5 Fighting
 + Level 0.5 Staves
 + Level 2.4 Dodging
 - Level 1.7 Stealth
 + Level 2.5 Spellcasting
 + Level 2.0 Conjurations
 + Level 3.5 Fire Magic


You had 2 spell levels left.
You knew the following spells:

 Your Spells              Type           Power      Damage    Failure   Level
a - Foxfire               Conj/Fire      64%        2x1d7     6%          1
b - Scorch                Fire           26%        2d6       7%          2
c - Conjure Flame         Conj/Fire      16%        6-21      19%         3

Your spell library contained the following spells:

 Spells                   Type           Power      Damage    Failure   Level
 Inner Flame              Hex/Fire       7%         N/A       28%         3
 Flame Wave               Conj/Fire      16%        3d5       54%         4


Dungeon Overview and Level Annotations

Branches:
Dungeon (3/15)

Altars:


Innate Abilities, Weirdness & Mutations

Your plain brown scales are hard. (AC +5)
You cannot fit into any form of body armour.
You are cold-blooded and may be slowed by cold attacks.


Message History

You are poisoned.
The adder poisons you! The adder closely misses you.
You are too injured to fight recklessly!
You are too injured to fight recklessly!
You closely miss the adder.
The adder is almost dead.
You feel sick. The adder bites you but does no damage.
You barely miss the adder.
The adder is almost dead.
You feel sick. The adder barely misses you. x2
You barely miss the adder.
The adder is almost dead.
You feel sick. The adder misses you.
You miss the adder. You tail-slap the adder.
You kill the adder!
You feel sick.
You are no longer poisoned.
Your Conjurations skill increases to level 2!
You have reached level 4!
You feel stronger.
Key pressed, stopping explore.
Key pressed, stopping explore.
You see here an adder skeleton.
You see here an adder skeleton.
You see here an adder skeleton.
A centaur comes into view.
The centaur shouts!
You hear a shout!
The centaur wields a +0 shortbow.
The centaur shoots an arrow.
The arrow hits you!
A centaur is nearby!
A centaur is nearby!
Casting: Foxfire (safe; 6% risk of failure)
Confirm with . or Enter, or press ? or * to list all spells.
Okay, then.
A hobgoblin comes into view.
Found an escape hatch in the floor.
Found a stone staircase leading down.
The hobgoblin shouts!
The centaur shoots an arrow.
The arrow hits you!
The centaur shoots an arrow.
The arrow hits you!
You die...

...... #......># ...[..
#...g...# #.......
.......># #.......
#.......# ........
##........ ........
#..........#.......
##.........##.......
..####..@..c....##.#.....
#.#.....#######....#####.
#.#.#..## ##..## ##...
#.#....# #....# #.)##
#.#....# ###.##.###.##
#.#)...## ##..........#
#.#.....###....##.#####
#...###.......###.#
###รท######<..## #.#


You could see a centaur and a hobgoblin.

Vanquished Creatures
  3 adders
  2 dart slugs
  5 endoplasms
  A giant cockroach (D:2)
  3 goblins
  2 hobgoblins
  3 jackals (D:2)
  A quokka (D:3)
  5 ball pythons
  7 bats (D:1)
  4 frilled lizards
  2 kobolds
  2 rats
40 creatures vanquished.

Vanquished Creatures (others)
  64 foxfires
64 creatures vanquished.

Grand Total: 104 creatures vanquished

Notes
Turn   | Place    | Note
-------+----------+-------------------------------------------
     0 | D:1      | Demosthentine the Draconian Fire Elementalist began the
                  | quest for the Orb.
     0 | D:1      | Reached XP level 1. HP: 14/14 MP: 3/3
   279 | D:1      | Reached XP level 2. HP: 20/20 MP: 3/5
   851 | D:1      | Found a faded altar of an unknown god.
  1056 | D:2      | Reached XP level 3. HP: 24/26 MP: 2/6
  1202 | D:2      | Learned a level 2 spell: Scorch
  1206 | D:2      | Learned a level 3 spell: Conjure Flame
  2538 | D:3      | Reached XP level 4. HP: 9/34 MP: 7/7
  2782 | D:3      | Noticed a centaur
  2784 | D:3      | Shot with an arrow by a centaur

Illustrated notes

Levels and vault maps discovered:
D:1:      dpeg_arrival_boxes_within_box, layout_basic,
          shapermc_ecumenical_altar_hornbeckon
D:2:      layout_basic, kennysheep_generic_room_8
D:3:      layout_rooms, patterned_corridor

Skill      XL: |  1  2  3 |
---------------+----------+-----
Dodging        | 2 |  2.4
Conjurations   | 2 |  2.0
Fighting       | |  0.5
Staves         | |  0.5
Stealth        | |  1.7
Spellcasting   | |  2.5
Fire Magic     | |  3.5

Action                   |  1- 3 |  4- 6 || total
-------------------------+-------+-------++-------
Melee: Staff             |    59 |       ||    59
       Tailslap          |     5 |       ||     5
 Cast: Foxfire           |    47 |       ||    47
       Scorch            |     1 |       ||     1
  Use: Scroll            |     6 |       ||     6
Armor: Skin              |    34 |       ||    34
Dodge: Dodged            |    65 |       ||    65

Table legend: (Time is in decaauts)
 A = Elapsed time spent in this place.
 B = Non-inter-level travel time spent in this place.
 C = Inter-level travel time spent in this place.
 D = Time resting spent in this place.
 E = Time spent auto-exploring this place.
 F = Levels seen in this place.
 G = Mean time per level.
                   A        B        C        D        E       F      G
               +--------+--------+--------+--------+--------+-----+--------+
         Total |   2805 |   2798 |      7 |      0 |   2489 |   3 |  935.0 |
       Dungeon |   2805 |   2798 |      7 |      0 |   2489 |   3 |  935.0 |
               +--------+--------+--------+--------+--------+-----+--------+

Top non-repeatable levels by time:
     D:2: 1117 daAuts
     D:1: 1060 daAuts
     D:3: 627 daAuts
